 Dungeon Crawl Stone Soup version 0.32-a0-18-g89e19f1974 (webtiles) character file.

Game seed: 2022045477245587952

1090 Malachi the Trooper (level 8, -1/61 HPs)
             Began as a Djinni Gladiator on Jan 16, 2024.
             Was a Follower of Jiyva.
             Constricted to death by Pikel (5 damage)
             ... on level 6 of the Dungeon.
             The game lasted 00:08:28 (5698 turns).

Malachi the Trooper (Djinni Gladiator)              Turns: 5698, Time: 00:08:29

Health: -1/61      AC: 12    Str: 13    XL:     8   Next: 56%
Gold:   267        EV:  7    Int: 13    God:    Jiyva [*.....] SH:  0 Dex: 14

rFire   + + .        a - +2 long sword
rCold   x . .        (no shield)
rNeg    + . .        b - +0 scale mail
rPois   ∞            y - +0 helmet
rElec   .            (no cloak)
rCorr   .            (no gloves)
SInv    .            (boots unavailable)
Will    .....        (no amulet) Stlth
                     f - +4 ring of protection
HPRegen 1.10/turn    h - ring of positive energy
MPRegen 0.00/turn

%: infuse magic (-2 HP)
@: grasped by roots, flying, constricted
A: sickness immunity, fire resistance 2, cold vulnerability 1, float, innate
caster, HP casting, extra vitality 1
a: Renounce Religion


You were on level 6 of the Dungeon.
You worshipped Jiyva.
Jiyva was aware of your devotion.
You visited 1 branch of the dungeon, and saw 6 of its levels.
You also visited: Sewer.

You collected 267 gold pieces.

Inventory:

Hand Weapons
 a - a +2 long sword (weapon)
Missiles
 d - 3 throwing nets (quivered)
 e - a javelin
Armour
 b - a +0 scale mail (worn)
 c - a +0 helmet
 j - a +0 ring mail
 y - a +0 helmet (worn)
Jewellery
 f - a +4 ring of protection (left hand)
 h - a ring of positive energy (right hand)
 k - a +6 ring of intelligence
 n - a ring of fire
Wands
 m - a wand of flame (24)
Scrolls
 i - 4 scrolls of teleportation
 o - a scroll of noise
 s - a scroll of blinking
 x - a scroll of enchant armour
Potions
 l - 2 potions of invisibility
 p - 2 potions of heal wounds
 q - 2 potions of curing
 r - a potion of mutation
 t - a potion of haste
 u - 2 potions of might {unknown}
 v - a potion of brilliance {unknown}
 w - 2 potions of magic {unknown}


   Skills:
 + Level 5.6 Fighting
 + Level 5.5 Long Blades
 - Level 1.9 Throwing
 + Level 4.9 Armour
 - Level 4.0 Dodging


You knew the following spells:

 Your Spells              Type           Power      Damage    Failure   Level
a - Freeze                Ice            0%         1d3       78%         1
b - Lesser Beckoning      Tloc           0%         N/A       89%         2
c - Call Imp              Summ           0%         N/A       89%         2
Your spell library was empty.

Dungeon Overview and Level Annotations

Branches:
Dungeon (6/15)             Temple (0/1) D:5           Sewer (visited)

Altars:
Dithmenos
Uskayaw
Yredelemnul

Annotations:
D:2 1 runed translucent door, exclusion: door, Crazy Yiuf
D:6 Jeremiah, Pikel


Innate Abilities, Weirdness & Mutations

You are immune to sickness and miasma.
You are immune to poison.
Your flesh is very heat resistant. (rF++)
You are vulnerable to cold. (rC-)
You float through the air rather than walking.
You learn spells naturally, not from books.
Your magical power is your life essence.
You have superior vitality. (+4 MHP)


Message History

Pikel is unaffected.
The grasping roots constrict you.
You miss Pikel.
Pikel is lightly wounded.
The butterfly disappears in a burst of colours!
Pikel barely misses you. The grasping roots constrict you!
You hit Pikel.
Pikel is moderately wounded.
Pikel hits you with a +0 whip of electrocution.
The grasping roots constrict you.
You hit Pikel.
Pikel is heavily wounded.
The butterfly disappears in a burst of colours!
Jeremiah whispers, "I obey.
I obey.
I obey."
Pikel hits you but does no damage. The grasping roots constrict you.
The grasping roots release their grip on you.
You barely miss Pikel. Your punch misses Pikel.
Pikel is heavily wounded.
The butterfly disappears in a burst of colours!
Pikel hits you with a +0 whip of electrocution!
Jeremiah cries, "Fearful master, protect me!"
Something smites you!
You hit Pikel.
Pikel is heavily wounded.
Pikel hits you with a +0 whip of electrocution.
You are electrocuted!
* * * LOW HITPOINT WARNING * * *
You hear a distant slurping noise.
You barely miss Pikel.
Pikel is heavily wounded.
Pikel hits you but does no damage.
You completely miss Pikel.
Pikel is heavily wounded.
Pikel hits you with a +0 whip of electrocution!
* * * LOW HITPOINT WARNING * * *
Pikel hits you but does no damage.
Pikel zaps a wand.
The roots erupt in riotous growth!
The grasping roots grab you! The grasping roots constrict you.
You die...
Pikel says, "Another soul for the market."

### ..# ## ##..#
..# .. #..b.#
..#.## #.#
.....b##b..5. #.#
.....bF5..# #.# #.#
#55# #.# #.# # ##K#
#.# #.# #. #.#
#.#####.# ###.###@#
#....##.# ........#
#..#.##.# ........#
###..#....#
........#
#......####
........# #.#.##.#
........# #.#.##.#
........# #.[.##.#
........###...##.#
#........##..#.##.#


You could see Jeremiah, Pikel and 3 lemures.

Vanquished Creatures
  A black bear (D:5)
  3 ogres
  2 scorpions
  A bombardier beetle (D:5)
  3 jellies (Sewer)
  A hound (D:4)
  An orc priest (D:3)
  An iguana (D:4)
  4 orc wizards
  8 gnolls
  9 adders
  3 river rats (Sewer)
  An adder zombie (D:3)
  A dart slug (D:3)
  14 orcs
  7 bats
  11 endoplasms
  7 giant cockroaches
  6 goblins
  11 hobgoblins
  4 jackals (D:1)
  5 kobolds
  4 quokkas
  9 ball pythons
  11 frilled lizards
  2 giant cockroach zombies (D:3)
  11 rats
141 creatures vanquished.

Vanquished Creatures (others)
  A phantom (D:6)
  A bullfrog (D:6)
  A scorpion (D:5)
  A howler monkey (D:5)
  3 jellies
  A hound (D:6)
  An orc priest (D:5)
  3 gnolls
  2 adders (D:5)
  A shadow imp (D:5)
  5 orcs
20 creatures vanquished.

Grand Total: 161 creatures vanquished

Notes
Turn   | Place    | Note
-------+----------+-------------------------------------------
     0 | D:1      | Malachi the Djinni Gladiator began the quest for the Orb.
     0 | D:1      | Reached XP level 1. HP: 18/18 MP: 0/0
    70 | D:1      | Reached XP level 2. HP: 23/23 MP: 0/0
   452 | D:1      | Reached XP level 3. HP: 29/29 MP: 0/0
   452 | D:1      | Learned a level 1 spell: Freeze
   993 | D:2      | HP: 1/29 [gnoll/+0 spear (5)]
  1016 | D:2      | Reached XP level 4. HP: 8/34 MP: 0/0
  1033 | D:2      | Reached skill level 1 in Armour
  1769 | D:2      | Found a runed translucent door.
  1770 | D:2      | Noticed Crazy Yiuf
  1794 | D:2      | Reached XP level 5. HP: 22/40 MP: 0/0
  1794 | D:2      | Learned a level 2 spell: Lesser Beckoning
  2182 | D:3      | Found a basalt altar of Yredelemnul.
  2333 | D:3      | Identified the +5 trident "Desyanuz" {holy, Str+5}
  2440 | D:3      | Reached XP level 6. HP: 16/46 MP: 0/0
  3362 | D:4      | Reached XP level 7. HP: 44/52 MP: 0/0
  3362 | D:4      | Learned a level 2 spell: Call Imp
  3430 | D:4      | Found a glowing drain.
  3439 | Sewer    | Entered a sewer
  3746 | Sewer    | Found a viscous altar of Jiyva.
  3809 | Sewer    | Became a worshipper of Jiyva Jaromne the Shapeless
  3871 | D:4      | Found a hide-covered altar of Uskayaw.
  4556 | D:5      | Entered Level 5 of the Dungeon
  4567 | D:5      | Reached skill level 5 in Long Blades
  4567 | D:5      | Reached XP level 8. HP: 38/58 MP: 0/0
  4619 | D:5      | Reached skill level 5 in Fighting
  4992 | D:5      | Found a staircase to the Ecumenical Temple.
  5145 | D:5      | Reached * piety under Jiyva
  5151 | D:5      | Found a shadowy altar of Dithmenos.
  5659 | D:6      | Identified the +1 robe of a bazaar {Will- Str-4 SInv
                  | Archmagi}
  5675 | D:6      | Noticed Pikel
  5679 | D:6      | Noticed Jeremiah
  5697 | D:6      | HP: 3/61 [Pikel/+0 whip of electrocution (7)]
  5698 | D:6      | Constricted to death by Pikel

Illustrated notes

Levels and vault maps discovered:
D:1:      beargit_arrival_greenhouse, layout_loops_ring, lemuel_flame_loot_1
D:2:      layout_loops_ring, uniq_crazy_yiuf_cottage
D:3:      cheibrodos_helix_gallery, layout_loops_ring,
          nicolae_yredelemnul_corpse_copse
D:4:      layout_basic, nicolae_uskayaw_suspiria,
          mainiacjoe_sewer_entry_somewhere_in_here_1
D:5:      layout_cave_pools, mainiacjoe_overflow_catch_the_wave,
          minmay_temple_entry_statues_pillars
D:6:      layout_basic, makhleb_grotto_becter, hangedman_decor_slide_cut,
          serial_park_tiny_pond, minmay_misc_feat_alley,
          corexii_item_surrounded_by_moat, minivault_19, uniq_jeremiah,
          uniq_pikel

Skill      XL: |  1  2  3  4  5  6  7  8 |
---------------+-------------------------+-----
Long Blades    | 3 4 5 |  5.5
Armour         | 1 2 3 4 |  4.9
Dodging        | 4 |  4.0
Fighting       | 3 4 5 |  5.6
Throwing       | |  1.9

Action                     |  1- 3 |  4- 6 |  7- 9 || total
---------------------------+-------+-------+-------++-------
  Melee: Long sword        |    83 |   198 |   184 ||   465
         Punch             |       |     1 |     3 ||     4
    Use: Scroll            |     5 |     4 |     4 ||    13
         Potion            |     1 |       |       ||     1
   Stab: Invisible         |     1 |     1 |       ||     2
 Armour: Leather armour    |    18 |       |       ||    18
         Ring mail         |    34 |       |       ||    34
         Scale mail        |    20 |   179 |   136 ||   335
  Dodge: Dodged            |    61 |   105 |   108 ||   274

Table legend: (Time is in decaauts)
 A = Elapsed time spent in this place.
 B = Non-inter-level travel time spent in this place.
 C = Inter-level travel time spent in this place.
 D = Time resting spent in this place.
 E = Time spent auto-exploring this place.
 F = Levels seen in this place.
 G = Mean time per level.
                   A        B        C        D        E       F      G
               +--------+--------+--------+--------+--------+-----+--------+
         Total |   5790 |   5306 |    484 |    867 |   3196 |   7 |  827.1 |
       Dungeon |   5394 |   4910 |    484 |    867 |   2950 |   6 |  899.0 |
         Sewer |    395 |    395 |      0 |      0 |    246 |   1 |  395.0 |
               +--------+--------+--------+--------+--------+-----+--------+

Top non-repeatable levels by time:
     D:3: 1250 daAuts
     D:2: 1163 daAuts
     D:1: 978 daAuts
     D:4: 851 daAuts
     D:5: 807 daAuts
   Sewer: 395 daAuts
     D:6: 342 daAuts
